Map: Orbital Shipyard

Players

AgCl

  • Race: Protoss Protoss

DarkZ - Winner!

  • Race: Protoss Protoss

VOD

Have the link to the VOD?

Description

Time

  • Played on: May 4, 2015, 9:06 p.m.
  • Length: 4:10
Show
View Real Time Build Order
Export as new Build Order

AgCl Protoss 

Build Orders: Nexus First 

Get SALT Encoding   

  12  0:02  Probe  
  13  0:14  Probe  
  14  0:26  Pylon  
  14  0:37  Assimilator  
  14  0:44  Probe  
  15  0:56  Probe  
  16  1:05  Nexus  
  16  1:09  Probe  
  17  1:24  Gateway  
  17  1:26  Probe (Chrono Boost)  
  18  1:37  Probe (Chrono Boost)  
  19  1:43  Probe (Chrono Boost)  
  19  1:46  Assimilator  
  20  1:55  Probe  
  21  2:07  Probe (Chrono Boost)  
  22  2:11  Cybernetics Core  
  22  2:13  Pylon  
  22  2:19  Probe (Chrono Boost)  
  24  2:24  Probe (Chrono Boost)  
  24  2:28  Probe (Chrono Boost)  
  25  2:31  Probe (Chrono Boost)  
  25  2:36  Gateway  
  26  2:38  Probe  
  26  2:43  Pylon  
  28  2:44  Probe (Chrono Boost)  
  28  2:51  Mothership Core (Chrono Boost)  
  30  2:55  Stargate  
  31  3:00  Probe (Chrono Boost)  
  31  3:05  Probe (Chrono Boost)  
  32  3:06  Forge  
  32  3:08  Probe  
  33  3:17  Probe  
  34  3:20  Probe  
  34  3:24  Pylon  
  35  3:29  Probe  
  35  3:31  Pylon  
  35  3:32  Probe  
  37  3:41  Probe  
  37  3:45  Probe  
  37  3:53  Probe  
  36  3:58  Gateway, Pylon  
  36  4:01  Photon Cannon  
Show
View Real Time Build Order
Export as new Build Order

DarkZ Protoss - Winner!

Build Orders:  

Get SALT Encoding   

  12  0:14  Probe  
  12  0:18  Pylon  
  13  0:27  Probe  
  14  0:29  Assimilator  
  14  0:37  Gateway  
  14  0:40  Probe (Chrono Boost)  
  15  0:52  Probe (Chrono Boost)  
  16  0:58  Assimilator  
  16  1:02  Probe (Chrono Boost)  
  17  1:09  Probe, Pylon  
  18  1:21  Probe  
  19  1:27  Cybernetics Core  
  19  1:34  Zealot  
  19  1:38  Probe (Chrono Boost)  
  22  1:50  Probe (Chrono Boost)  
  23  1:58  Probe  
  24  2:05  Twilight Council  
  24  2:07  Warp Gate (Chrono Boost)  
  24  2:09  Zealot  
  24  2:10  Probe  
  27  2:23  Gateway  
  27  2:29  Gateway  
  27  2:38  Gateway  
  27  2:55  Mothership Core  
  29  3:02  Pylon  
  29  3:15  Pylon  
  29  3:30  Pylon  
  29  3:53  Stalker x4  
Tags
 
Add a new tag
Caveats
  • Supply blocks, unpowered buildings, or Contaminate may cause inaccurate times.
  • Supply counts are checked every 10 seconds.